 Dungeon Crawl Stone Soup version 0.30-a0-696-g2367cd04db (webtiles) character file.

Game seed: 5359419394594616418

385 kae the Changer (level 6, -8/43 HPs)
             Began as a Demonspawn Transmuter on Jan 20, 2023.
             Mangled by an ogre
             ... wielding a +0 giant club
              (21 damage)
             ... on level 4 of the Dungeon.
             The game lasted 00:05:08 (3025 turns).

kae the Changer (Demonspawn Transmuter)             Turns: 3025, Time: 00:05:09

Health: -8/43      AC:  3    Str: 11    XL:     6   Next: 48%
Magic:  11/11      EV: 17    Int: 16    God:
Gold:   143        SH:  0    Dex: 13    Spells: 1/11 levels left

rFire   . . .      SeeInvis +      - Unarmed
rCold   . . .      Faith    .    (no shield)
rNeg    . . .      Spirit   .    a - +0 robe
rPois   .          Reflect  .    (no helmet)
rElec   .          Harm     .    (no cloak)
rCorr   .          Rampage  .    (gloves unavailable)
Will    .....                    h - +0 pair of boots
Stlth   +                        A - amulet of the acrobat
HPRegen 0.27/turn                E - +5 ring of evasion
MPRegen 0.12/turn                v - ring of see invisible

@: no status effects
A: claws 3, foul stench 1
a: no special abilities


You were on level 4 of the Dungeon.
You visited 1 branch of the dungeon, and saw 4 of its levels.

You collected 143 gold pieces.


Innate Abilities, Weirdness & Mutations

You have claws for hands.
You may rarely emit foul miasma when damaged in melee.


   Skills:
 + Level 1.1 Fighting
 + Level 1.8 Dodging
 + Level 3.9 Unarmed Combat
 + Level 3.4 Spellcasting
 + Level 4.3 Transmutations
 + Level 0.0 Ice Magic
 - Level 1.7 Poison Magic


You had one spell level left.
You knew the following spells:

 Your Spells              Type           Power      Damage    Failure   Level
a - Beastly Appendage     Tmut           32%        N/A       3%          1
b - Wereblood             Tmut           16%        N/A       4%          2
c - Spider Form           Tmut/Pois      12%        N/A       16%         3
d - Ice Form              Ice/Tmut       9%         N/A       56%         4

Your spell library contained the following spells:

 Spells                   Type           Power      Damage    Failure   Level
 Passwall                 Tmut/Erth      7%         N/A       11%         2
 Ensorcelled Hibernation  Hex/Ice        4%         N/A       26%         2
 Swiftness                Air            2%         N/A       47%         3
 Tukima's Dance           Hex            2%         N/A       47%         3
 Passage of Golubria      Tloc           2%         N/A       87%         4
 Yara's Violent Unravell  Hex/Tmut       4%         3d4       90%         5
 Chain Lightning          Conj/Air       1%         3d1       100%        9
 Fire Storm               Conj/Fire      1%         7d1       100%        9
 Shatter                  Erth           1%         3d5*      100%        9

Inventory:

Hand Weapons
 d - a +1 dagger of speed
   (You took it off a goblin on level 1 of the Dungeon)
Missiles
 g - 34 stones
Armour
 a - a +0 robe (worn)
 h - a +0 pair of boots (worn)
   (You found it on level 1 of the Dungeon)
Jewellery
 v - a ring of see invisible (right claw)
   (You found it on level 3 of the Dungeon)
 A - an amulet of the acrobat (around neck)
   (You found it on level 1 of the Dungeon)
 E - a +5 ring of evasion (left claw)
   (You found it on level 1 of the Dungeon)
Wands
 o - a wand of mindburst (2)
   (You found it on level 3 of the Dungeon)
 q - a wand of digging (5)
   (You found it on level 4 of the Dungeon)
Scrolls
 l - a scroll of teleportation {@r4}
 n - a scroll of identify {@r1}
 p - 3 scrolls of butterflies {unknown}
Potions
 b - a potion of lignification {!q}
 c - 2 potions of flight {unknown}
 e - a potion of degeneration {unknown}
 f - 2 potions of curing {unknown}
 i - a potion of berserk rage {unknown}
 j - 3 potions of mutation {unknown}
 k - 3 potions of heal wounds {@q2}
 m - a potion of attraction {unknown}

Dungeon Overview and Level Annotations

Branches:
Dungeon (4/15) Zot: 21038  Temple (0/1) D:4

Altars:
Sif Muna
Vehumet

#.## #...... #..#
....>... ##.# .#.#..#.
#.###.#..#...##
#.##..##..#...### ##
#..#.## #.#.#...####$..
##...# #..............
##..## #.............
#....### #.....@O......
##.##...# ##............
...####.#####.#####.....
#### #....##.......####
####.##....####
#.#..##..# #.#.####†#
####.#.## .# #.......#
..


You could see an ogre (poisoned, slow).


Message History

Your hp is fully restored (43).
This spell is extremely dangerous to cast!
Memorise Ice Form, consuming 4 spell levels and leaving 1?
You start memorising the spell.
You continue memorising. x4
You finish memorising.
Spell assigned to 'd'.
Okay, then.
An adder comes into view.
Unknown command.
An adder is nearby!
An adder is nearby!
An adder is nearby!
Unknown command.
An adder is nearby!
An adder is nearby!
A dart slug comes into view.
There are monsters nearby!
The adder hisses angrily.
The dart slug launches a dart at you. The slug dart misses you.
The adder closely misses you.
There are monsters nearby!
You scratch the adder. The adder completely misses you.
You claw the adder!
You kill the adder!
A dart slug is nearby!
You scratch the dart slug. The dart slug launches a dart at you.
The slug dart misses you.
A dart slug is nearby!
You scratch the dart slug. You scratch the dart slug.
The dart slug launches a dart at you. The slug dart hits you.
A dart slug is nearby!
You claw the dart slug!
You kill the dart slug!
No target in view!
Key pressed, stopping explore.
No target in view!
No target in view!
You see here a dart slug corpse.
You now have 143 gold pieces (gained 4).
You see here a dart slug corpse.
Found a stone staircase leading down.
No target in view!
No target in view!
q - a wand of digging (5) No target in view!
No target in view!
Found an escape hatch in the floor.
No target in view!
No target in view!
Found a stone staircase leading up.
Found a staircase to the Ecumenical Temple.
A hobgoblin comes into view.
(D) Dungeon (T) Temple
Where to? (Enter - D:4, ? - help)
A hobgoblin is nearby!
Unknown command.
An endoplasm comes into view.
The endoplasm quivers.
The endoplasm closely misses you.
You scratch the endoplasm. The endoplasm completely misses you.
You scratch the endoplasm.
You kill the endoplasm!
No target in view!
No target in view!
No target in view!
No target in view!
No target in view!
No target in view!
A giant cockroach comes into view.
The giant cockroach completely misses you.
You scratch the giant cockroach but do no damage.
The giant cockroach barely misses you. The giant cockroach closely misses you.
A giant cockroach is nearby!
You claw the giant cockroach!
You kill the giant cockroach!
No target in view!
No target in view!
No target in view!
An ogre comes into view. It is wielding a +0 giant club.
The ogre shouts!
An ogre is nearby!
The ogre completely misses you.
You scratch the ogre.
An ogre is nearby!
You scratch the ogre but do no damage.
The ogre hits you with a +0 giant club!!
Ouch! That really hurt!
* * * LOW HITPOINT WARNING * * *
You emit a cloud of foul miasma!
You are too injured to fight recklessly! 😨 HP[-30]
You take 30 damage, and now have 13/43 hp.
MASSIVE DAMAGE!! (PAUSE)
You claw the ogre!
The ogre is engulfed in dark miasma.
The ogre is poisoned.
The ogre seems to slow down.
The ogre hits you with a +0 giant club!!
You die...

Skill      XL: |  1  2  3  4  5 |
---------------+----------------+-----
Transmutations | 2 3 4 |  4.3
Unarmed Combat | 3 |  3.9
Poison Magic   | 1 |  1.7
Spellcasting   | 3 |  3.4
Fighting       | |  1.1
Dodging        | |  1.8

Action                   |  1- 3 |  4- 6 || total
-------------------------+-------+-------++-------
Melee: Unarmed           |    10 |   117 ||   127
       Dagger            |   133 |    14 ||   147
       Kick              |    26 |    16 ||    42
       Headbutt          |    14 |     9 ||    23
       Punch             |     1 |     2 ||     3
 Cast: Beastly Appendage |    27 |    14 ||    41
       Spider Form       |       |     4 ||     4
       Wereblood         |       |     2 ||     2
  Use: Scroll            |     1 |     3 ||     4
 Stab: Sleeping          |     1 |       ||     1
Armor: Robe              |    18 |    16 ||    34
Dodge: Dodged            |   100 |   122 ||   222

Levels and vault maps discovered:
D:1:      giann_wishing_wells, layout_basic
D:2:      minmay_chambers_of_ones, layout_basic, basic_altar,
          basic_ecumenical_altar, uniq_natasha
D:3:      kennysheep_goblin_castle, layout_rooms, nicolae_vehumet_radiance,
          uniq_terence
D:4:      layout_rooms, minmay_temple_entry_crystal_x, grunt_decor_one_mirror,
          minmay_crossroads

Notes
Turn   | Place    | Note
-------+----------+-------------------------------------------
     0 | D:1      | kae the Demonspawn Transmuter began the quest for the Orb.
     0 | D:1      | Reached XP level 1. HP: 15/15 MP: 3/3
     0 | D:1      | magus.rc [v1.11.3]
    76 | D:1      | Reached skill level 2 in Transmutations
   116 | D:1      | Gained mutation: You have sharp fingernails. [demonic
                  | ancestry]
   116 | D:1      | Reached XP level 2. HP: 20/21 MP: 3/5
   475 | D:1      | Reached skill level 3 in Unarmed Combat
   500 | D:1      | Gained mutation: You have very sharp fingernails. [demonic
                  | ancestry]
   500 | D:1      | Reached XP level 3. HP: 23/26 MP: 4/6
   503 | D:1      | Learned a level 2 spell: Wereblood
   507 | D:1      | Learned a level 3 spell: Spider Form
   776 | D:2      | Found a faded altar of an unknown god.
   790 | D:2      | Found a shimmering blue altar of Sif Muna.
  1184 | D:2      | You add the spells Tukima's Dance, Passage of Golubria and
                  | Yara's Violent Unravelling to your library.
  1410 | D:2      | Reached skill level 3 in Transmutations
  1460 | D:2      | Noticed Natasha
  1465 | D:2      | Gained mutation: You may rarely emit foul miasma when
                  | damaged in melee. [demonic ancestry]
  1465 | D:2      | Reached XP level 4. HP: 32/32 MP: 5/7
  1468 | D:2      | Killed Natasha
  1469 | D:2      | Reached skill level 1 in Poison Magic
  1707 | D:2      | Noticed Natasha
  1714 | D:2      | Killed Natasha
  1859 | D:3      | Noticed Terence
  1882 | D:3      | Killed Terence
  1883 | D:3      | Gained mutation: You have claws for hands. [demonic
                  | ancestry]
  1883 | D:3      | Reached XP level 5. HP: 31/37 MP: 3/9
  1955 | D:3      | You pick up a book of Annihilations and begin reading...
  1955 | D:3      | You add the spells Chain Lightning, Fire Storm and Shatter
                  | to your library.
  1965 | D:3      | Found a radiant altar of Vehumet.
  1968 | D:3      | You pick up a book of Burglary and begin reading...
  1968 | D:3      | You add the spells Passwall, Ensorcelled Hibernation and
                  | Swiftness to your library.
  2301 | D:3      | Reached skill level 3 in Spellcasting
  2336 | D:3      | Noticed Robin
  2358 | D:3      | Killed Robin
  2733 | D:4      | Noticed an ice beast
  2744 | D:4      | Killed an ice beast
  2745 | D:4      | Reached skill level 4 in Transmutations
  2745 | D:4      | Reached XP level 6. HP: 20/43 MP: 10/10
  2861 | D:4      | Learned a level 4 spell: Ice Form
  2999 | D:4      | Found a staircase to the Ecumenical Temple.
  3025 | D:4      | Mangled by an ogre

Vanquished Creatures
  An ice beast (D:4)
  A hound (D:4)
  Terence (D:3)
  An iguana (D:4)
  Natasha (twice) (D:2)
  Robin (D:3)
  2 adders
  3 dart slugs
  3 worms
  5 orcs (D:3)
  12 ball pythons
  5 bats
  16 endoplasms
  5 giant cockroaches
  18 goblins
  7 hobgoblins
  3 jackals (D:3)
  4 quokkas
  5 frilled lizards
  8 kobolds
  6 rats
109 creatures vanquished.

Table legend:
 A = Non-vault XP
 B = Vault XP
 C = Vault XP percentage of total XP
 D = Non-vault monster count
 E = Vault monster count
 F = Vault count percentage of total count
                 A         B        C        D         E       F
            +---------+---------+-------+---------+---------+-------
      Total |     400 |     150 |  27.3 |      80 |      29 |  26.6
            +---------+---------+-------+---------+---------+-------
        D:1 |      46 |       0 |   0.0 |      26 |       0 |   0.0
        D:2 |      73 |      56 |  43.4 |      19 |       6 |  24.0
        D:3 |      40 |      90 |  69.2 |      20 |      22 |  52.4
        D:4 |     241 |       4 |   1.6 |      15 |       1 |   6.2
            +---------+---------+-------+---------+---------+-------

Illustrated notes

Table legend:
 A = Kills in this place as a percentage of kills in entire the game.
 B = Kills by you in this place as a percentage of kills by you in the entire game.
 C = Kills by friends in this place as a percentage of kills by friends in the entire game.
 D = Other kills in this place as a percentage of other kills in the entire game.
 E = Experience gained in this place as a percentage of experience gained in the entire game.
 F = Experience gained in this place divided by the number of levels of this place that you have seen.
                   A       B       C       D       E      F
               +-------+-------+-------+-------+-------+----------------------
         Total | 100.0 | 100.0 |   N/A |   N/A | 100.0 | 137.5
       Dungeon | 100.0 | 100.0 |   N/A |   N/A | 100.0 | 137.5
               +-------+-------+-------+-------+-------+----------------------

Table legend: (Time is in decaauts)
 A = Elapsed time spent in this place.
 B = Non-inter-level travel time spent in this place.
 C = Inter-level travel time spent in this place.
 D = Time resting spent in this place.
 E = Time spent auto-exploring this place.
 F = Levels seen in this place.
 G = Mean time per level.
                   A        B        C        D        E       F      G
               +--------+--------+--------+--------+--------+-----+--------+
         Total |   2960 |   2834 |    126 |      0 |   2154 |   4 |  740.0 |
       Dungeon |   2960 |   2834 |    126 |      0 |   2154 |   4 |  740.0 |
               +--------+--------+--------+--------+--------+-----+--------+

Top non-repeatable levels by time:
     D:2: 1065 daAuts
     D:3: 930 daAuts
     D:1: 628 daAuts
     D:4: 336 daAuts
